 Dungeon Crawl Stone Soup version 0.30-a0-122-g2a1322497e (webtiles) character file.

Game seed: 10093601019525001580

97 Pilot the Ducker (level 5, 0/37 HPs)
             Began as a Djinni Hedge Wizard on Sept 16, 2022.
             Slain by an orc
             ... wielding a +0 short sword
              (4 damage)
             ... on level 2 of the Dungeon.
             The game lasted 00:12:02 (2462 turns).

Pilot the Ducker (Djinni Hedge Wizard)              Turns: 2462, Time: 00:12:03

Health: 0/37       AC:  2    Str:  9    XL:     5   Next: 0%
Gold:   101        EV: 12    Int: 18    God:
                   SH:  0    Dex: 12

rFire   + + .      SeeInvis .    o - +6 sling
rCold   . . .      Faith    .    (no shield)
rNeg    . . .      Spirit   .    b - +0 robe
rPois   ∞          Reflect  .    c - +0 hat
rElec   .          Harm     .    (no cloak)
rCorr   .          Rampage  .    (no gloves)
Will    .....                    (boots unavailable)
Stlth   ++........               (no amulet)
HPRegen 0.12/turn                h - ring of protection from cold
MPRegen 0.00/turn                (no ring)

@: attractive, flying
A: sickness immunity, fire resistance 2, cold vulnerability 1, float, innate
caster, HP casting, extra vitality 1
a: no special abilities


You were on level 2 of the Dungeon.
You visited 1 branch of the dungeon, and saw 5 of its levels.

You collected 101 gold pieces.

Inventory:

Hand Weapons
 a - a +0 dagger
 l - a +2 dagger of draining
 o - a +6 sling (weapon)
Missiles
 k - 5 poisoned darts
Armour
 b - a +0 robe (worn)
 c - a +0 hat (worn)
 n - a +0 ring mail
Jewellery
 h - a ring of protection from cold (left hand)
Scrolls
 e - a scroll of noise {unknown}
 f - a scroll of silence {unknown}
 g - 5 scrolls of identify {unknown}
Potions
 d - a potion of lignification {unknown}
 i - a potion of flight
 j - a potion of attraction
 m - a potion of heal wounds {unknown}
 p - a potion of curing {unknown}
 q - a potion of cancellation {unknown}


   Skills:
 + Level 1.1 Fighting
 + Level 0.9 Short Blades
 * Level 0.6 Ranged Weapons
 + Level 0.7 Throwing
 + Level 3.1 Dodging
 + Level 2.2 Stealth
 + Level 2.8 Spellcasting


You couldn't memorise any spells.
You knew the following spells:

 Your Spells              Type           Power      Damage    Failure   Level
a - Magic Dart            Conj           48%        1d5       5%          1
b - Slow                  Hex            48%        N/A       5%          1
c - Blink                 Tloc           24%        N/A       8%          2
d - Call Imp              Summ           12%        N/A       8%          2
e - Cigotuvi's Dreadful   Necr/Pois/Air  24%        N/A       8%          2
f - Mephitic Cloud        Conj/Pois/Air  12%        N/A       16%         3
g - Foxfire               Conj/Fire      48%        2x1d6     5%          1
h - Wereblood             Tmut           12%        N/A       8%          2
Your spell library was empty.

Dungeon Overview and Level Annotations

Branches:
Dungeon (5/15)
 Temple: D:4-7

Altars:

Annotations:
D:3 1 runed translucent door, NinjaNoafa's ghost, amateur DsMo
D:4 Edmund


Innate Abilities, Weirdness & Mutations

You are immune to sickness and miasma.
You are immune to poison.
Your flesh is very heat resistant. (rF++)
You are vulnerable to cold. (rC-)
You float through the air rather than walking.
You learn spells naturally, not from books.
Your magical power is your life essence.
You have superior vitality. (+4 MHP)


Message History

Your crimson imp disappears in a puff of smoke!
The orc attacks as you move away! The orc barely misses you.
Edmund asks, "Have you met my wondrous brother?"
The orc attacks as you move away! The orc hits you with a +0 short sword.
The orc attacks as you move away! The orc closely misses you.
The orc attacks as you move away! The orc misses you.
The orc attacks as you move away! The orc hits you but does no damage.
The orc attacks as you move away! The orc barely misses you.
The orc attacks as you move away! The orc hits you with a +0 short sword.
The orc attacks as you move away! The orc closely misses you.
The orc attacks as you move away! The orc hits you with a +0 short sword.
* * * LOW HITPOINT WARNING * * *
The orc attacks as you move away! The orc barely misses you.
There is a stone staircase leading up here.
The orc hits you with a +0 short sword.
* * * LOW HITPOINT WARNING * * *
Edmund says, "A flail is better than a scythe, any day of the week!"
You fly upwards.
Level annotation: 1 runed translucent door, NinjaNoafa's ghost, amateur DsMo
There is a stone staircase leading down here.
The orc barely misses you. The orc attacks as you move away!
The orc misses you. The orc attacks as you move away!
The orc hits you with a +0 short sword.
* * * LOW HITPOINT WARNING * * *
It was a potion of attraction.
You feel attractive to monsters. The orc hits you with a +0 short sword.
* * * LOW HITPOINT WARNING * * *
The orc attacks as you move away! The orc closely misses you.
It was a potion of flight.
You feel more buoyant. The orc barely misses you.
The orc attacks as you move away! The orc closely misses you.
The orc attacks as you move away! The orc barely misses you.
There is a stone staircase leading up here.
The orc barely misses you.
You fly upwards.
There is a stone staircase leading down here.
The orc attacks as you move away! The orc hits you with a +0 short sword.
You die...

........###..#.####.......#
#.
.............#............#
#.
........####....###.......#
#. #...#####
####.###.......# ##. #...#
#...........# #.. #...#
#.#####.##### #.# #...###
#.#####.# #.. ......#
#o...##.# ##. .#.##.#
#.@.....# #. .#....####
#.##.#..# ### #.
.........##
#...(...#####.####.
..........#
#.##.......†.......
###.#.##..#
#.####.######.#####
......##..# #......# ###
.#..#.##..# ########
.#..#.##..# ..........# ###


You could see an orc.

Vanquished Creatures
  A hound (D:4)
  2 adders (D:2)
  A worm (D:2)
  2 dart slugs
  6 bats
  2 endoplasms
  4 giant cockroaches
  3 goblins
  3 hobgoblins (D:2)
  5 kobolds
  2 quokkas (D:2)
  3 ball pythons
  2 frilled lizards (D:1)
  3 rats
  A spectral goblin (D:2)
40 creatures vanquished.

Notes
Turn   | Place    | Note
-------+----------+-------------------------------------------
     0 | D:1      | Pilot the Djinni Hedge Wizard began the quest for the Orb.
     0 | D:1      | Pilot set off with the following spells memorised: Magic
                  | Dart, Slow, Blink, Call Imp, Cigotuvi's Dreadful Rot,
                  | Mephitic Cloud.
     0 | D:1      | Reached XP level 1. HP: 15/15 MP: 0/0
    60 | D:1      | Reached XP level 2. HP: 12/21 MP: 0/0
  1081 | D:2      | Reached XP level 3. HP: 21/25 MP: 0/0
  1081 | D:2      | Learned a level 1 spell: Foxfire
  2008 | D:2      | Reached skill level 3 in Dodging
  2008 | D:2      | Reached XP level 4. HP: 31/31 MP: 0/0
  2207 | D:2      | Found a faded altar of an unknown god.
  2329 | D:3      | Found a runed translucent door.
  2329 | D:3      | Noticed NinjaNoafa's ghost (amateur DsMo)
  2339 | D:3      | You are sucked into a shaft and drop 2 floors!
  2339 | D:5      | Entered Level 5 of the Dungeon
  2355 | D:4      | Reached skill level 1 in Fighting
  2355 | D:4      | Reached XP level 5. HP: 37/37 MP: 0/0
  2355 | D:4      | Learned a level 2 spell: Wereblood
  2397 | D:4      | Noticed Edmund
  2462 | D:2      | Slain by an orc

Illustrated notes

Levels and vault maps discovered:
D:1:      spicycebolla_green_bress_n_ham, layout_rooms
D:2:      layout_loops_cross, dreamdust_ecumenical_altar_drowned_temple,
          skrybe_limestone_x, reono_crystal_passage
D:3:      layout_basic, hellmonk_ghost_happy_afterlife, nicolae_wormholes
D:4:      layout_rooms, uniq_ijyb, uniq_duvessa, uniq_edmund
D:5:      layout_layer_cave

Skill      XL: |  1  2  3  4 |
---------------+-------------+-----
Stealth        | 2 |  2.2
Dodging        | 3 |  3.1
Fighting       | 1 |  1.1
Short Blades   | |  0.9
Ranged Weapons | |  0.6
Throwing       | |  0.7
Spellcasting   | |  2.8

Action                   |  1- 3 |  4- 6 || total
-------------------------+-------+-------++-------
Melee: Dagger            |    70 |       ||    70
 Fire: Sling             |    13 |    19 ||    32
 Cast: Magic Dart        |    13 |       ||    13
       Blink             |       |     2 ||     2
       Call Imp          |       |     2 ||     2
  Use: Potion            |       |     2 ||     2
Armor: Robe              |    24 |     1 ||    25
Dodge: Dodged            |    57 |    31 ||    88

Table legend: (Time is in decaauts)
 A = Elapsed time spent in this place.
 B = Non-inter-level travel time spent in this place.
 C = Inter-level travel time spent in this place.
 D = Time resting spent in this place.
 E = Time spent auto-exploring this place.
 F = Levels seen in this place.
 G = Mean time per level.
                   A        B        C        D        E       F      G
               +--------+--------+--------+--------+--------+-----+--------+
         Total |   2473 |   2326 |    147 |      0 |   1799 |   5 |  494.6 |
       Dungeon |   2473 |   2326 |    147 |      0 |   1799 |   5 |  494.6 |
               +--------+--------+--------+--------+--------+-----+--------+

Top non-repeatable levels by time:
     D:1: 1193 daAuts
     D:2: 1130 daAuts
     D:4: 93 daAuts
     D:3: 46 daAuts
     D:5: 9 daAuts
